 Dungeon Crawl Stone Soup version 0.25-a0-479-g8579842fd4 (webtiles) character file.

Game seed: 10511623706445644327, levelgen mode: deterministic

132 HawFromDerth the Chiller (level 5, -2/35 HPs)
             Began as a Human Ice Elementalist on Feb 9, 2020.
             Killed from afar by ChaosChampion's ghost (11 damage)
             ... with a magic dart
             ... on level 3 of the Dungeon.
             The game lasted 00:15:46 (2718 turns).

HawFromDerth the Chiller (Human Ice Elementalist)   Turns: 2718, Time: 00:15:47

Health: -2/35      AC:  3    Str:  9    XL:     5   Next: 38%
Magic:  2/9        EV: 13    Int: 16    God:
Gold:   132        SH:  0    Dex: 13    Spells: 3/10 levels left

rFire    . . .     SeeInvis .   k - +1 dagger
rCold    . . .     Gourm    .   (no shield)
rNeg     . . .     Faith    .   a - +0 robe
rPois    .         Spirit   .   (no helmet)
rElec    .         Reflect  .   (no cloak)
rCorr    .         Harm     .   (no gloves)
MR       .....                  b - +0 pair of boots
Stlth    ++........             (no amulet)
HPRegen  0.11/turn              (no ring)
MPRegen  0.11/turn              (no ring)

@: very slightly contaminated
A: no striking features
a: no special abilities


You were on level 3 of the Dungeon.
You were not hungry.

You visited 1 branch of the dungeon, and saw 3 of its levels.

You collected 132 gold pieces.

Inventory:

Hand Weapons
 k - a +1 dagger (weapon)
Armour
 a - a +0 robe (worn)
 b - a +0 pair of boots (worn)
Scrolls
 d - a scroll of remove curse
 g - 4 scrolls of identify
 h - a scroll of enchant weapon
 i - a scroll of magic mapping
 j - a scroll of immolation {unknown}
Potions
 l - a potion of flight
Comestibles
 c - 7 rations


   Skills:
 + Level 2.4 Dodging
 + Level 2.1 Stealth
 + Level 3.2 Spellcasting
 + Level 5.2 Ice Magic


You had 3 spell levels left.
You knew the following spells:

 Your Spells              Type           Power        Failure   Level  Hunger
a - Freeze                Ice            ###.         1%          1    None
b - Ozocubu's Armour      Chrm/Ice       ##......     19%         3    ###....
c - Frozen Ramparts       Ice            ###...       6%          3    ###....

Your spell library contained the following spells:

 Spells                   Type           Power        Failure   Level  Hunger
 Hailstorm                Conj/Ice       ##......     52%         4    ####...
 Summon Ice Beast         Ice/Summ       ##......     52%         4    ####...


Dungeon Overview and Level Annotations

Branches:
Dungeon (3/15)

Altars:
Makhleb

Annotations:
D:3 ChaosChampion's ghost, amateur DEWz


Message History

ChaosChampion's ghost is almost destroyed.
ChaosChampion's ghost barely misses you.
Casting: Freeze (safe; 1% risk of failure)
Confirm with . or Enter, or press ? or * to list all spells.
Aiming: Freeze (safe; 1% risk of failure)
Press: ? - help, Shift-Dir - straight line, f/p - ChaosChampion's ghost
Aim: ChaosChampion's ghost (almost destroyed)
You freeze ChaosChampion's ghost.
ChaosChampion's ghost is almost destroyed.
ChaosChampion's ghost wails.
ChaosChampion's ghost hits you!
* * * LOW HITPOINT WARNING * * *
Casting: Freeze (safe; 1% risk of failure)
Confirm with . or Enter, or press ? or * to list all spells.
You don't know that spell.
ChaosChampion's ghost gestures wildly while chanting.
ChaosChampion's ghost blinks!
ChaosChampion's ghost gestures at you while chanting.
The magic dart hits you!
You die...

..........#..W.#...##.....#≈#..#
#.........)...#..<######..#≈#..#
........#....##...# #..#'#..#
............##...## #..W.†..#
###..#..#........# #.......#
............#...## ##.######
....##...........# ##.#
..#..##.......##.## ##..#
###.......>..###@.# #..##
.####..##......W#.### #.##
.####...##..........###.#
...###...............##.#
##.######............##.#
##...####)..........<##.#
#.........#......#...##.#
..##....###..........##.#######
.....................)........#


You could see ChaosChampion's ghost.

Vanquished Creatures
  7 adders
  2 worms (D:2)
  A dart slug (D:1)
  2 leopard geckos
  A ball python (D:2)
  A giant cockroach (D:3)
  8 goblins
  12 hobgoblins
  6 kobolds
  A quokka (D:3)
  7 bats
  5 frilled lizards
  6 rats
59 creatures vanquished.

Notes
Turn   | Place    | Note
-------+----------+-------------------------------------------
     0 | D:1      | HawFromDerth the Human Ice Elementalist began the quest for
                  | the Orb.
     0 | D:1      | Reached XP level 1. HP: 13/13 MP: 3/3
   100 | D:1      | Reached XP level 2. HP: 17/19 MP: 1/5
   722 | D:1      | Reached XP level 3. HP: 24/24 MP: 1/6
  1394 | D:2      | Learned a level 3 spell: Ozocubu's Armour
  1636 | D:2      | Reached XP level 4. HP: 30/30 MP: 5/8
  1803 | D:2      | Reached skill level 5 in Ice Magic
  1925 | D:2      | Found a burning altar of Makhleb.
  1925 | D:2      | Noticed a blizzard demon
  1928 | D:2      | Noticed a neqoxec
  1928 | D:2      | Noticed a smoke demon
  2256 | D:3      | Found a runed translucent door.
  2265 | D:3      | Noticed ChaosChampion's ghost (amateur DEWz)
  2289 | D:3      | Reached XP level 5. HP: 35/35 MP: 6/9
  2530 | D:3      | Learned a level 3 spell: Frozen Ramparts
  2718 | D:3      | Killed from afar by ChaosChampion's ghost

Levels and vault maps discovered:
D:1:      dpeg_arrival_arbitrary_a, layout_loops_ring, minmay_tall_x
D:2:      layout_rooms, makhleb_altar_promises_db
D:3:      layout_rooms, ebering_ghost_sewer_d

Skill      XL: |  1  2  3  4 |
---------------+-------------+-----
Ice Magic      | 5 |  5.2
Spellcasting   | 3 |  3.2
Dodging        | |  2.4
Stealth        | |  2.1

Action                   |  1- 3 |  4- 6 || total
-------------------------+-------+-------++-------
Melee: Unarmed           |     2 |       ||     2
       Dagger            |    11 |     4 ||    15
 Cast: Freeze            |    46 |    48 ||    94
       Ozocubu's Armour  |     1 |     1 ||     2
       Frozen Ramparts   |       |     1 ||     1
  Use: Potion            |       |     7 ||     7
       Scroll            |       |     7 ||     7
 Stab: Sleeping          |       |     1 ||     1
  Eat: Chunk             |     2 |     1 ||     3
       Ration            |     1 |       ||     1
Armor: Robe              |     5 |    11 ||    16
Dodge: Dodged            |    33 |    32 ||    65

Table legend:
 A = Non-vault XP
 B = Vault XP
 C = Vault XP percentage of total XP
 D = Non-vault monster count
 E = Vault monster count
 F = Vault count percentage of total count
                 A         B        C        D         E       F
            +---------+---------+-------+---------+---------+-------
      Total |     155 |      34 |  18.0 |      53 |       6 |  10.2
            +---------+---------+-------+---------+---------+-------
        D:1 |      29 |       7 |  19.4 |      18 |       4 |  18.2
        D:2 |      87 |       0 |   0.0 |      20 |       0 |   0.0
        D:3 |      39 |      27 |  40.9 |      15 |       2 |  11.8
            +---------+---------+-------+---------+---------+-------
